 Dungeon Crawl Stone Soup version 0.29.1-12-g30fa7ad0bf (webtiles) character file.

Game seed: 14866826732881090259

1010 wormed the Ducker (level 8, 0/67 HPs)
             Began as a Gnoll Monk on Dec 28, 2022.
             Was an Elder of Nemelex Xobeh.
             Killed from afar by a white imp (11 damage)
             ... with a puff of frost
             ... on level 5 of the Dungeon.
             The game lasted 00:07:03 (3617 turns).

wormed the Ducker (Gnoll Monk)                      Turns: 3617, Time: 00:07:04

Health: 0/67       AC: 10    Str: 11    XL:     8   Next: 21%
Magic:  12/12      EV: 15    Int: 10    God:    Nemelex Xobeh [****..]
Gold:   245        SH:  0    Dex: 16    Spells: 13/13 levels left

rFire   . . .      SeeInvis +   a - +0 falchion
rCold   . . .      Faith    .   (no shield)
rNeg    . . .      Spirit   .   d - +0 leather armour
rPois   .          Reflect  .   (no helmet)
rElec   .          Harm     .   (no cloak)
rCorr   .          Rampage  .   (no gloves)
Will    .....                   e - +2 pair of boots
Stlth   +.........              (no amulet)
HPRegen 0.21/turn               n - +4 ring of protection
MPRegen 0.13/turn               o - ring of see invisible

@: confused, ambrosia-drunk
A: fangs 1, strong nose, distributed training
a: Renounce Religion, Draw Escape, Draw Destruction, Draw Summoning, Triple
Draw, Deal Four


You were on level 5 of the Dungeon.
You worshipped Nemelex Xobeh.
Nemelex Xobeh was greatly pleased with you.
You visited 1 branch of the dungeon, and saw 5 of its levels.

You collected 245 gold pieces.

Inventory:

Hand Weapons
 a - a +0 falchion (weapon)
Missiles
 t - 6 atropa-tipped darts
 w - 4 poisoned darts
Armour
 d - a +0 leather armour (worn)
 e - a +2 pair of boots (worn)
Jewellery
 b - a ring of resist corrosion
 n - a +4 ring of protection (left hand)
 o - a ring of see invisible (right hand)
Wands
 r - a wand of iceblast (8) (quivered)
 v - a wand of polymorph (7)
Scrolls
 f - 2 scrolls of fog {unknown}
 g - 2 scrolls of noise {unknown}
 j - 4 scrolls of teleportation {unknown}
 m - 2 scrolls of enchant armour {unknown}
 p - 2 scrolls of identify {unknown}
Potions
 h - a potion of mutation {unknown}
 i - a potion of cancellation {unknown}
 k - a potion of heal wounds {unknown}
 l - 2 potions of flight {unknown}
 q - 2 potions of curing {unknown}
 s - 2 potions of degeneration {unknown}
 u - a potion of lignification {unknown}


   Skills:
 + Level 7.3 Fighting
 + Level 3.2 Short Blades
 + Level 7.3 Long Blades
 + Level 3.2 Axes
 + Level 3.2 Maces & Flails
 + Level 3.2 Polearms
 + Level 3.2 Staves
 + Level 3.2 Ranged Weapons
 + Level 3.2 Throwing
 + Level 3.2 Armour
 + Level 7.3 Dodging
 + Level 5.3 Stealth
 + Level 3.2 Shields
 + Level 3.2 Unarmed Combat
 + Level 3.2 Spellcasting
 + Level 2.6 Conjurations
 + Level 2.6 Hexes
 + Level 2.6 Summonings
 + Level 2.6 Necromancy
 + Level 2.6 Translocations
 + Level 2.6 Transmutations
 + Level 2.6 Fire Magic
 + Level 2.6 Ice Magic
 + Level 2.6 Air Magic
 + Level 2.6 Earth Magic
 + Level 2.6 Poison Magic
 + Level 3.5 Invocations
 + Level 3.2 Evocations


You had 13 spell levels left.
You didn't know any spells.
Your spell library contained the following spells:

 Spells                   Type           Power      Damage    Failure   Level
 Summon Small Mammal      Summ           24%        N/A       12%         1
 Call Canine Familiar     Summ           6%         N/A       36%         3
 Conjure Flame            Conj/Fire      6%         6-21      36%         3
 Ignite Poison            Fire/Tmut/Pois 6%         N/A       36%         3
 Summon Guardian Golem    Hex/Summ       6%         N/A       36%         3
 Sticky Flame             Conj/Fire      6%         2d3       77%         4


Dungeon Overview and Level Annotations

Branches:
Dungeon (5/15)             Temple (0/1) D:4

Altars:
Elyvilon
Hepliaklqana
Nemelex Xobeh
Yredelemnul

Shops:
D:3 =   D:4 !


Innate Abilities, Weirdness & Mutations

You have very sharp teeth.
Your uncanny sense of smell can sniff out nearby items.
Your experience applies equally to all skills.


Message History

You hit Blork the orc but do no damage.
You bite Blork the orc, but do no damage.
Blork the orc is almost dead.
Blork the orc misses you.
You completely miss Blork the orc.
Blork the orc is almost dead.
Blork the orc gestures at you while chanting.
The puff of flame hits you!
The orc wizard mumbles some strange words.
The orc wizard flickers and vanishes for a moment.
Blork the orc misses you.
You hit Blork the orc but do no damage.
Blork the orc is almost dead.
Blork the orc closely misses you.
You hit Blork the orc.
Blork the orc is almost dead.
Blork the orc barely misses you.
An orc comes into view. It is wielding a +0 club.
Blork the orc miscasts a cantrip.
You slash Blork the orc!
You kill Blork the orc!
The white imp gestures at you. The puff of frost hits you.
* * * LOW HITPOINT WARNING * * *
The white imp gestures at you.
The puff of frost hits you but does no damage.
Found a scroll labelled QUZAIM QEUROE.
The white imp picks up a beetle and eats it.
The white imp gestures at you. The puff of frost hits you!
* * * LOW HITPOINT WARNING * * *
The white imp gestures at you. The puff of frost hits you!
* * * LOW HITPOINT WARNING * * *
You are confused.
You feel invigorated. The white imp gestures at you.
The puff of frost hits you!
You die...
Your body glows with a rainbow of weird colours and disappears.

#########..#
#...o..o.o.#######
#o.#####......).)o
###o##∆ ∆##...#####.
#######..5# #.#.......
######.....#.#.#
#.#######.
#......###.#...# #.# .
#.###### #.....#. #.# .
#.# #####@#..~..#.# 5
#.# #.##...##.### . #.#
#######..#...#....# #.#
#.....#..##.##....####
##.#
#.........#.#...#.....
#..#
#......................
#.##
#.....#........##......
#.#
#.....#.........######.
#.# #######...#.#...#


You could see an orc wizard (invisible), a white imp and an orc.

Vanquished Creatures
  Pikel (D:4)
  An ogre (D:4)
  A phantom (D:5)
  Blork the orc (D:5)
  A crimson imp (D:5)
  Ijyb (D:3)
  An iguana (D:4)
  Natasha (thrice) (D:3)
  9 adders
  3 worms
  2 dart slugs
  5 orcs
  4 endoplasms
  7 giant cockroaches
  8 goblins
  8 hobgoblins
  6 jackals
  6 kobolds
  2 quokkas
  3 ball pythons
  3 bats
  3 frilled lizards
  2 rats
81 creatures vanquished.

Vanquished Creatures (others)
  8 fungi (D:5)
  4 plants (D:3)
12 creatures vanquished.

Grand Total: 93 creatures vanquished

Notes
Turn   | Place    | Note
-------+----------+-------------------------------------------
     0 | D:1      | wormed the Gnoll Monk began the quest for the Orb.
     0 | D:1      | Reached XP level 1. HP: 23/23 MP: 1/1
   131 | D:1      | Reached XP level 2. HP: 26/29 MP: 2/2
   583 | D:1      | Found a faded altar of an unknown god.
   656 | D:1      | Prayed at the altar of an unknown god.
   656 | D:1      | Became a worshipper of Nemelex Xobeh the Trickster
   656 | D:1      | Reached * piety under Nemelex Xobeh
   656 | D:1      | Received a gift from Nemelex Xobeh
   656 | D:1      | Reached ** piety under Nemelex Xobeh
   823 | D:2      | Reached XP level 3. HP: 34/35 MP: 2/4
   886 | D:2      | Reached skill level 1 in Invocations
   988 | D:2      | Reached skill level 1 in Short Blades
   988 | D:2      | Reached skill level 1 in Axes
   988 | D:2      | Reached skill level 1 in Maces & Flails
   988 | D:2      | Reached skill level 1 in Polearms
   988 | D:2      | Reached skill level 1 in Staves
   988 | D:2      | Reached skill level 1 in Ranged Weapons
   988 | D:2      | Reached skill level 1 in Throwing
   988 | D:2      | Reached skill level 1 in Armour
   988 | D:2      | Reached skill level 1 in Shields
   988 | D:2      | Reached skill level 1 in Unarmed Combat
   988 | D:2      | Reached skill level 1 in Spellcasting
   988 | D:2      | Reached skill level 1 in Evocations
  1040 | D:2      | Reached *** piety under Nemelex Xobeh
  1266 | D:3      | Reached XP level 4. HP: 33/41 MP: 5/5
  1410 | D:3      | Received a gift from Nemelex Xobeh
  1418 | D:3      | Found Xugotib's One-of-a-Kind Rings.
  1434 | D:3      | Reached skill level 1 in Conjurations
  1434 | D:3      | Reached skill level 1 in Hexes
  1434 | D:3      | Reached skill level 1 in Summonings
  1434 | D:3      | Reached skill level 1 in Necromancy
  1434 | D:3      | Reached skill level 1 in Translocations
  1434 | D:3      | Reached skill level 1 in Transmutations
  1434 | D:3      | Reached skill level 1 in Fire Magic
  1434 | D:3      | Reached skill level 1 in Ice Magic
  1434 | D:3      | Reached skill level 1 in Air Magic
  1434 | D:3      | Reached skill level 1 in Earth Magic
  1434 | D:3      | Reached skill level 1 in Poison Magic
  1515 | D:3      | Found a hazy altar of Hepliaklqana.
  1529 | D:3      | Noticed Natasha
  1547 | D:3      | Killed Natasha
  1641 | D:3      | Reached XP level 5. HP: 46/47 MP: 7/7
  1645 | D:3      | Found a white marble altar of Elyvilon.
  1744 | D:3      | Noticed Ijyb
  1786 | D:3      | Killed Ijyb
  1822 | D:3      | Noticed Natasha
  1830 | D:3      | Killed Natasha
  1847 | D:3      | Found a basalt altar of Yredelemnul.
  1923 | D:3      | Noticed Natasha
  1928 | D:3      | Killed Natasha
  2313 | D:4      | Found a staircase to the Ecumenical Temple.
  2313 | D:4      | Noticed a lemure
  2317 | D:4      | Noticed Pikel
  2357 | D:4      | Reached XP level 6. HP: 52/53 MP: 8/8
  2564 | D:4      | Found Nebying's Distillery.
  2926 | D:4      | Reached **** piety under Nemelex Xobeh
  3010 | D:4      | Received a gift from Nemelex Xobeh
  3115 | D:4      | Killed Pikel
  3116 | D:4      | Reached skill level 5 in Stealth
  3116 | D:4      | Reached XP level 7. HP: 58/60 MP: 9/11
  3431 | D:5      | Entered Level 5 of the Dungeon
  3537 | D:5      | Reached XP level 8. HP: 67/67 MP: 12/12
  3580 | D:5      | Noticed Blork the orc
  3598 | D:5      | Killed Blork the orc
  3614 | D:5      | HP: 3/67 [white imp/puff of frost (7)]
  3617 | D:5      | Killed from afar by a white imp

Illustrated notes

Levels and vault maps discovered:
D:1:      spicycebolla_arrival_transporter_tutorial, layout_basic,
          dreamdust_ecumenical_altar_hidden_monk_grotto
D:2:      layout_rooms
D:3:      layout_basic, nicolae_overflow_crystal_walls,
          mainiacjoe_overflow_chevrons, nicolae_elyvilon_temple_path,
          nicolae_shop_unique_rings, uniq_natasha, uniq_ijyb
D:4:      layout_gridville, minmay_temple_entry_sparse_star,
          nicolae_inconvenience_store, kennysheep_generic_room_3, uniq_pikel
D:5:      layout_loops_cross, mainiacjoe_overflow_boulevard,
          minmay_fire_ice_demons, uniq_blork_the_orc

Skill      XL: |  1  2  3  4  5  6  7 |
---------------+----------------------+-----
Invocations    | 1 2 3 |  3.5
Short Blades   | 1 2 3 |  3.2
Axes           | 1 2 3 |  3.2
Maces & Flails | 1 2 3 |  3.2
Polearms       | 1 2 3 |  3.2
Staves         | 1 2 3 |  3.2
Ranged Weapons | 1 2 3 |  3.2
Throwing       | 1 2 3 |  3.2
Armour         | 1 2 3 |  3.2
Shields        | 1 2 3 |  3.2
Unarmed Combat | 1 2 3 |  3.2
Spellcasting   | 1 2 3 |  3.2
Evocations     | 1 2 3 |  3.2
Conjurations   | 1 2 |  2.6
Hexes          | 1 2 |  2.6
Summonings     | 1 2 |  2.6
Necromancy     | 1 2 |  2.6
Translocations | 1 2 |  2.6
Transmutations | 1 2 |  2.6
Fire Magic     | 1 2 |  2.6
Ice Magic      | 1 2 |  2.6
Air Magic      | 1 2 |  2.6
Earth Magic    | 1 2 |  2.6
Poison Magic   | 1 2 |  2.6
Fighting       | 7 |  7.3
Long Blades    | 7 |  7.3
Dodging        | 7 |  7.3
Stealth        | 5 |  5.3

Action                   |  1- 3 |  4- 6 |  7- 9 || total
-------------------------+-------+-------+-------++-------
Melee: Falchion          |    88 |   173 |    34 ||   295
       Bite              |     4 |    17 |     4 ||    25
       Punch             |       |     3 |       ||     3
Evoke: Wand              |       |     4 |     1 ||     5
  Use: Potion            |       |       |     1 ||     1
 Stab: Sleeping          |     5 |     7 |     3 ||    15
Armor: Robe              |     1 |       |       ||     1
       Leather armour    |    15 |    44 |     5 ||    64
Dodge: Dodged            |    59 |   116 |    26 ||   201
